 Dungeon Crawl Stone Soup version 0.30-a0-263-ge22c4ad894 (webtiles) character file.

Game seed: 10211780671431909679

14504 sscrono2 the Martial Artist (level 12, -8/74 HPs)
             Began as an Octopode Delver on Oct 13, 2022.
             Was a Priest of Wu Jian.
             Mangled by a hellwing (14 damage)
             ... on level 10 of the Dungeon.
             The game lasted 00:26:32 (10478 turns).

sscrono2 the Martial Artist (Octopode Delver)      Turns: 10478, Time: 00:26:32

Health: -8/74      AC:  5    Str: 19    XL:     12   Next: 17%
Magic:  16/21      EV: 13    Int: 15    God:    Wu Jian [***...]
Gold:   334        SH:  0    Dex: 14    Spells: 11/24 levels left

rFire   + . .      SeeInvis +      - Unarmed
rCold   + . .      Faith    .    (no shield)
rNeg    . . .      Spirit   .    (helmet restricted)
rPois   +          Reflect  .    (no amulet)
rElec   +          Harm     .    l - ring of wizardry
rCorr   +          Rampage  .    A - ring of see invisible
Will    .....                    c - +4 ring of protection
Stlth   ++++......               C - ring of wizardry
HPRegen 0.32/turn                J - +6 ring of strength
MPRegen 0.17/turn                (no ring)
                                 (no ring)
                                 (no ring)

@: exhausted, resistant, attractive, hasted, very quick
A: almost no armour, amphibious, 8 rings, camouflage 1, gelatinous body 1,
(nimble swimmer 1), tentacles
a: Renounce Religion, Wall Jump, Serpent's Lash


You were on level 10 of the Dungeon.
You worshipped Wu Jian.
Wu Jian was most pleased with you.
You visited 2 branches of the dungeon, and saw 11 of its levels.

You collected 520 gold pieces.
You spent 186 gold pieces at shops.

Inventory:

Hand Weapons
 j - a +1 dagger of venom
Missiles
 z - 22 poisoned darts
 F - 2 throwing nets
Magical Staves
 E - a staff of conjuration
Jewellery
 c - a +4 ring of protection (on tentacle)
 l - a ring of wizardry (left tentacle)
 A - a ring of see invisible (right tentacle)
 C - a ring of wizardry (on tentacle)
 J - a +6 ring of strength (on tentacle)
Wands
 e - a wand of digging (3)
 D - a wand of charming (5)
 L - a wand of polymorph (2)
Scrolls
 a - a scroll of fog
 b - a scroll of magic mapping
 f - a scroll of enchant weapon {unknown}
 g - a scroll of brand weapon {unknown}
 i - 3 scrolls of silence
 o - 2 scrolls of amnesia {unknown}
 p - 4 scrolls of enchant armour
 v - 2 scrolls of vulnerability {unknown}
 x - a scroll of noise {unknown}
 y - 2 scrolls of teleportation
 I - a scroll of acquirement {unknown}
 K - a scroll of immolation {unknown}
 N - a scroll of torment {unknown}
Potions
 h - 2 potions of curing
 k - a potion of brilliance {unknown}
 m - a potion of degeneration {unknown}
 n - a potion of attraction
 q - 2 potions of flight
 t - a potion of magic {unknown}
 w - a potion of resistance


   Skills:
 + Level 4.2 Fighting
 - Level 2.0 Dodging
 - Level 6.6 Stealth
 * Level 11.0 Unarmed Combat
 + Level 6.5 Spellcasting
 + Level 6.5 Conjurations
 * Level 10.0 Transmutations
 + Level 6.6 Fire Magic


You had 11 spell levels left.
You knew the following spells:

 Your Spells              Type           Power      Damage    Failure   Level
a - Wereblood             Tmut           34%        N/A       1%          2
b - Sticky Flame          Conj/Fire      24%        2d5       2%          4
c - Flame Wave            Conj/Fire      24%        2d8       2%          4
d - Inner Flame           Hex/Fire       14%        N/A       3%          3

Your spell library contained the following spells:

 Spells                   Type           Power      Damage    Failure   Level
 Apportation              Tloc           8%         N/A       4%          1
 Necrotise                Necr           16%        1d4       4%          1
 Slow                     Hex            16%        N/A       4%          1
 Summon Small Mammal      Summ           16%        N/A       4%          1
 Sublimation of Blood     Necr           4%         N/A       6%          2
 Call Canine Familiar     Summ           4%         N/A       11%         3
 Confusing Touch          Hex            4%         N/A       11%         3
 Summon Guardian Golem    Hex/Summ       4%         N/A       11%         3
 Vampiric Draining        Necr           4%         2d6       11%         3
 Summon Hydra             Summ           2%         N/A       100%        7


Dungeon Overview and Level Annotations

Branches:
Dungeon (10/15)            Temple (1/1) D:5            Lair (0/5) D:9
    Orc (0/2) D:10

Altars:
Ashenzari
Cheibriados
Dithmenos
Elyvilon
Fedhas
Gozag
Hepliaklqana
Kikubaaqudgha
Makhleb
Nemelex Xobeh
Okawaru
Qazlal
Ru
Trog
Uskayaw
Vehumet
Wu Jian
Xom
Yredelemnul
Zin
The Shining One

Shops:
D:2 !   D:6 (   D:7 [

Annotations:
D:7 2 runed translucent doors, exclusion: orange crystal statue


Innate Abilities, Weirdness & Mutations

You cannot wear most types of armour.
You are amphibious.
You can wear up to eight rings at the same time.
Your skin changes colour to match your surroundings (Stealth+).
Your rubbery body absorbs attacks. (AC +1, EV +1)
((You are camouflaged when in or above water. (Stealth+)))
You have tentacles for arms and can constrict up to eight enemies at once.


Message History

Unknown command.
You bludgeon the meliai zombie! You grab the meliai zombie.
You squeeze the meliai zombie.
The meliai zombie is moderately damaged.
You constrict the meliai zombie.
The hellwing burns!
The hellwing hits you but does no damage.
The hellwing hits you.
The meliai zombie closely misses you. x2
Unknown command.
You barely miss the hellwing.
The hellwing is severely wounded.
You constrict the meliai zombie. The meliai zombie hits you.
The meliai zombie closely misses you.
Unknown command.
You bludgeon the hellwing!
The hellwing is almost dead.
You constrict the meliai zombie.
The hellwing burns!
The hellwing misses you. The hellwing closely misses you.
The meliai zombie hits you!
* * * LOW HITPOINT WARNING * * *
The meliai zombie closely misses you.
Unknown command.
You tentacle-slap the hellwing but do no damage.
The hellwing is almost dead.
You constrict the meliai zombie. The meliai zombie hits you.
* * * LOW HITPOINT WARNING * * *
The meliai zombie closely misses you. The hellwing closely misses you.
The hellwing hits you but does no damage.
Unknown command.
You barely miss the hellwing. Your squeeze misses the hellwing.
The hellwing is almost dead.
You constrict the meliai zombie.
The hellwing burns!
The hellwing stops burning.
The meliai zombie hits you.
* * * LOW HITPOINT WARNING * * *
The meliai zombie hits you but does no damage.
Unknown command.
You feel better.
You constrict the meliai zombie. The meliai zombie hits you.
* * * LOW HITPOINT WARNING * * *
The meliai zombie hits you.
* * * LOW HITPOINT WARNING * * *
The hellwing hits you!
You die...

ZZZ####..........#
Z54.§.§..........#
.Z#####..........#
P #.§........####
#..#..........#
.....#..........#
.>##...#..........#
#.........Z....#
##.#.......@...#
#..>#......4...#
#...#.......<..#
#...#..........# ##
#........[.#
############


You could see a hellwing and a meliai zombie.

Vanquished Creatures
  A two-headed ogre (D:9)
  Pikel (D:8)
  A faun (D:9)
  Maggie (D:8)
  Psyche (D:8)
  A kobold demonologist (D:8)
  2 shadows
  Grum (D:8)
  A steam dragon (D:8)
  2 wargs
  2 water moccasins
  5 orc warriors
  A sky beast (D:6)
  4 ogres
  4 black bears
  A centaur (D:9)
  An ice beast (D:5)
  2 wolves (D:8)
  3 phantoms
  2 lemures (D:8)
  3 kobold brigands (D:9)
  A necrophage (D:8)
  2 bullfrogs (D:6)
  2 scorpions
  5 wights (D:5)
  7 killer bees (D:9)
  2 howler monkeys
  4 hounds
  A jelly (D:6)
  4 orc priests
  4 iguanas
  10 orc wizards
  5 adders
  4 gnolls
  2 shadow imps (D:10)
  A white imp (D:5)
  2 ufetubi
  A worm (D:3)
  11 dart slugs
  17 orcs
  4 ball pythons
  5 endoplasms
  3 giant cockroaches
  6 goblins
  7 hobgoblins
  7 jackals
  25 kobolds
  7 quokkas
  3 training dummies (D:6)
  6 bats
  4 frilled lizards
  6 rats
208 creatures vanquished.

Vanquished Creatures (collateral kills)
  A two-headed ogre (D:9)
  An orc (D:9)
2 creatures vanquished.

Vanquished Creatures (others)
  A plant (D:1)
1 creature vanquished.

Grand Total: 211 creatures vanquished

Notes
Turn   | Place    | Note
-------+----------+-------------------------------------------
     0 | D:5      | sscrono2 the Octopode Delver began the quest for the Orb.
     0 | D:5      | Reached XP level 1. HP: 16/16 MP: 1/1
    21 | D:4      | Found a sacrificial altar of Ru.
    21 | D:4      | Found a broken altar of Ashenzari.
    32 | D:4      | Became a worshipper of Ru the Awakened
    45 | D:5      | Noticed a hound
   119 | D:4      | Noticed a scorpion
   144 | D:4      | Reached XP level 2. HP: 21/21 MP: 2/2
   163 | D:4      | Reached skill level 3 in Unarmed Combat
   184 | D:4      | Reached XP level 3. HP: 26/26 MP: 3/3
   213 | D:4      | Learned a level 2 spell: Wereblood
   673 | D:3      | Reached XP level 4. HP: 20/31 MP: 4/4
  1307 | D:2      | Reached skill level 4 in Unarmed Combat
  1374 | D:2      | Reached skill level 1 in Spellcasting
  1374 | D:2      | Reached skill level 1 in Transmutations
  1755 | D:2      | Reached XP level 5. HP: 31/36 MP: 6/6
  1869 | D:2      | Found Woenikh's Distillery.
  1885 | D:2      | Bought a potion of lignification for 42 gold pieces
  1885 | D:2      | Bought a potion of lignification for 42 gold pieces
  1885 | D:2      | Bought a potion of curing for 42 gold pieces
  2488 | D:1      | Found a faded altar of an unknown god.
  2822 | D:4      | Noticed an ogre
  2829 | D:4      | Killed an ogre
  2830 | D:4      | Reached skill level 5 in Unarmed Combat
  2830 | D:4      | Reached XP level 6. HP: 42/42 MP: 7/9
  2839 | D:4      | Learned a level 4 spell: Sticky Flame
  3049 | D:4      | Found a glowing silver altar of Zin.
  3322 | D:4      | Found a hazy altar of Hepliaklqana.
  3322 | D:4      | Found a sparkling altar of Nemelex Xobeh.
  3328 | D:4      | Found a shadowy altar of Dithmenos.
  3330 | D:4      | Found a stormy altar of Qazlal.
  3332 | D:4      | Found a glowing golden altar of the Shining One.
  3636 | D:5      | Noticed a black bear
  3709 | D:5      | Killed a black bear
  3710 | D:5      | Reached skill level 1 in Conjurations
  3710 | D:5      | Reached skill level 1 in Fire Magic
  3710 | D:5      | Reached XP level 7. HP: 32/46 MP: 10/10
  4263 | D:5      | Found an ancient bone altar of Kikubaaqudgha.
  4275 | D:5      | Reached skill level 6 in Unarmed Combat
  4428 | D:5      | Found a staircase to the Ecumenical Temple.
  4499 | Temple   | Entered the Ecumenical Temple
  4536 | Temple   | Fell from the grace of Ru
  4536 | Temple   | Became a worshipper of the Wu Jian Council
  4616 | D:5      | Reached XP level 8. HP: 45/50 MP: 12/12
  5330 | D:6      | Learned a level 4 spell: Flame Wave
  5334 | D:6      | Learned a level 3 spell: Inner Flame
  5363 | D:6      | Reached skill level 5 in Transmutations
  5742 | D:6      | Reached skill level 7 in Unarmed Combat
  5817 | D:6      | Found Wushohu's Firing Range.
  5840 | D:6      | Bought 2 throwing nets for 60 gold pieces
  5876 | D:6      | Reached * piety under Wu Jian
  5977 | D:6      | Reached XP level 9. HP: 56/56 MP: 9/14
  6385 | D:7      | Found a runed translucent door.
  6597 | D:7      | Found the +10 tower shield of Ignorance {rN+ Int-4}
  6752 | D:7      | Found a runed translucent door.
  6780 | D:7      | Noticed an orange crystal statue
  6894 | D:7      | Found a large runed translucent door.
  6895 | D:7      | Found a large runed translucent door.
  6991 | D:7      | Found an opulent altar of Gozag.
  7003 | D:7      | Found a snail-covered altar of Cheibriados.
  7224 | D:7      | Found Loas's Antique Armour Emporium.
  7279 | D:7      | Found a blossoming altar of Fedhas.
  7531 | D:8      | Noticed Grum
  7550 | D:8      | Killed Grum
  7551 | D:8      | Reached skill level 8 in Unarmed Combat
  7679 | D:8      | Noticed Maggie
  7694 | D:8      | Killed Maggie
  7977 | D:8      | Noticed Pikel
  8001 | D:8      | Killed Pikel
  8002 | D:8      | Reached XP level 10. HP: 35/63 MP: 15/17
  8231 | D:8      | Noticed Psyche
  8284 | D:8      | Killed Psyche
  8471 | D:8      | Found an iron altar of Okawaru.
  8476 | D:8      | Found a radiant altar of Vehumet.
  8573 | D:8      | Reached skill level 5 in Spellcasting
  8736 | D:9      | Noticed a two-headed ogre
  8793 | D:9      | Reached ** piety under Wu Jian
  8876 | D:8      | Reached skill level 9 in Unarmed Combat
  9087 | D:9      | Reached skill level 5 in Fire Magic
  9101 | D:9      | Noticed a two-headed ogre
  9120 | D:9      | Found a staircase to the Lair.
  9212 | D:9      | Noticed a two-headed ogre
  9243 | D:9      | a two-headed ogre changed into a faun
  9243 | D:9      | Noticed a faun
  9250 | D:9      | Killed a faun
  9251 | D:9      | Reached skill level 5 in Conjurations
  9608 | D:9      | Killed a two-headed ogre
  9833 | D:9      | Reached XP level 11. HP: 67/67 MP: 2/19
 10249 | D:9      | Killed a two-headed ogre
 10249 | D:9      | Reached *** piety under Wu Jian
 10250 | D:9      | Reached skill level 10 in Unarmed Combat
 10398 | D:10     | Entered Level 10 of the Dungeon
 10410 | D:10     | Found a staircase to the Orcish Mines.
 10466 | D:10     | Reached skill level 11 in Unarmed Combat
 10466 | D:10     | Reached skill level 10 in Transmutations
 10466 | D:10     | Reached XP level 12. HP: 28/74 MP: 19/21
 10478 | D:10     | Mangled by a hellwing

Illustrated notes

Levels and vault maps discovered:
D:1:      dpeg_arrival_arbitrary_c, layout_loops_cross,
          dreamdust_ecumenical_altar_grove, minmay_misc_feat_four_crosses
D:2:      layout_basic, serial_shops, shop
D:3:      layout_loops_corners, amcnicky_mini_rare_corridor_liquid
D:4:      kennysheep_slugbush, layout_basic,
          chequers_temple_overflow_minitemple, mainiacjoe_overflow_alcove_1,
          nicolae_overflow_hidden_temple
D:5:      layout_basic, mainiacjoe_overflow_alcove_2, minmay_temple_entry_hall
D:6:      layout_loops_ring, nicolae_shop_firing_range
D:7:      layout_loops_corners, lemuel_round_altar, jmf_multi_god_temple2,
          chequers_avenue, nicolae_stop_n_shop_1,
          chequers_guarded_unrand_ignorance
D:8:      layout_gridville, amethyst_overflow_temple_binary, uniq_grum,
          uniq_psyche, uniq_maggie, uniq_pikel
D:9:      layout_big_octagon, erik_lair_orcish_takeover
D:10:     cheibrodos_grave_circle, layout_rooms, lemuel_doored_altar,
          orc_0_dummy, serial_shops, nicolae_shop_bloodbath_and_beyond,
          minmay_misc_feat_secret_circle, bh_walls_and_bars
Temple:   hellmonk_temple_of_storms

Skill      XL: |  1  2  3  4  5  6  7  8  9 10 11 |
---------------+----------------------------------+-----
Unarmed Combat | 3 4 5 6 7 8 9 11 | 11.0
Spellcasting   | 1 2 3 4 5 6 |  6.5
Transmutations | 1 2 3 4 5 7 8 10 | 10.0
Conjurations   | 1 2 3 4 5 6 |  6.5
Fire Magic     | 1 2 3 4 5 6 |  6.6
Fighting       | 4 |  4.2
Dodging        | |  2.0
Stealth        | |  6.6

Action                   |  1- 3 |  4- 6 |  7- 9 | 10-12 || total
-------------------------+-------+-------+-------+-------++-------
Melee: Unarmed           |    24 |       |   148 |   168 ||   340
       Constrict         |    13 |    28 |    39 |    24 ||   104
       Tentacles         |    13 |    22 |    50 |    39 ||   124
       Dagger            |    26 |   110 |    47 |       ||   183
       Punch             |       |     4 |    13 |     7 ||    24
       Staff             |       |       |     7 |       ||     7
Throw: Dart              |       |       |     2 |       ||     2
       Throwing net      |       |       |       |     3 ||     3
 Cast: Sticky Flame      |       |       |     9 |     1 ||    10
       Flame Wave        |       |       |     1 |     3 ||     4
Invok: Reject Sacrifices |     1 |       |       |       ||     1
       Lunge             |       |       |    18 |    11 ||    29
       Whirlwind         |       |       |       |     4 ||     4
       Serpent's Lash    |       |       |       |     1 ||     1
Evoke: Wand              |       |       |     5 |    21 ||    26
  Use: Scroll            |       |     4 |     5 |     4 ||    13
       Potion            |       |       |     4 |    11 ||    15
 Stab: Sleeping          |    12 |    23 |     9 |     1 ||    45
       Distracted        |       |       |     2 |     1 ||     3
       Fleeing           |       |       |     1 |       ||     1
       Held in net/web   |       |       |       |     1 ||     1
       Betrayed ally     |       |       |       |     1 ||     1
Armor: Skin              |       |     4 |    26 |    73 ||   103
Dodge: Dodged            |    20 |    60 |    97 |   108 ||   285

Table legend: (Time is in decaauts)
 A = Elapsed time spent in this place.
 B = Non-inter-level travel time spent in this place.
 C = Inter-level travel time spent in this place.
 D = Time resting spent in this place.
 E = Time spent auto-exploring this place.
 F = Levels seen in this place.
 G = Mean time per level.
                   A        B        C        D        E       F      G
               +--------+--------+--------+--------+--------+-----+--------+
         Total |  10400 |   9875 |    525 |   2147 |   5818 |  11 |  945.5 |
       Dungeon |  10355 |   9837 |    518 |   2147 |   5790 |  10 | 1035.5 |
        Temple |     44 |     38 |      6 |      0 |     28 |   1 |   44.0 |
               +--------+--------+--------+--------+--------+-----+--------+

Top non-repeatable levels by time:
     D:8: 1496 daAuts
     D:5: 1411 daAuts
     D:9: 1325 daAuts
     D:4: 1204 daAuts
     D:7: 1154 daAuts
     D:6: 1118 daAuts
     D:3: 1051 daAuts
     D:2: 801 daAuts
     D:1: 721 daAuts
    D:10: 71 daAuts
  Temple: 44 daAuts
